 Dungeon Crawl Stone Soup version 0.30-a0-371-gad7725a93e (webtiles) character file.

Game seed: 10399778538606559006

41511 Pooter the Severer (level 13, -9/183 HPs)
             Began as a Minotaur Berserker on Nov 20, 2022.
             Was an Elder of Trog.
             Mangled by a death yak (18 damage)
             ... on level 3 of the Lair of Beasts.
             The game lasted 01:26:24 (17525 turns).

Pooter the Severer (Minotaur Berserker)            Turns: 17525, Time: 01:26:25

Health: -9/183     AC: 14    Str: 27    XL:     13   Next: 80%
Magic:  12/12      EV: 10    Int:  4    God:    Trog [****..]
Gold:   385        SH:  5    Dex:  5    Spells: 12/12 levels left

rFire   . . .      SeeInvis +    a - +1 battleaxe (freeze)
rCold   . . .      Faith    .    (shield currently unavailable)
rNeg    . . .      Spirit   .    w - +5 scale mail of Knowledge {rElec Will+ Dex-5}
rPois   .          Reflect  +    (helmet restricted)
rElec   +          Harm     .    B - scarf {repulsion}
rCorr   .          Rampage  .    r - +0 pair of gloves
Will    +....                    d - +0 pair of boots
Stlth   ..........               g - amulet of reflection
HPRegen 0.50/turn                O - +4 ring of slaying
MPRegen 0.13/turn                S - ring of see invisible

@: berserking, repel missiles, very quick
A: horns 2, retaliatory headbutt
a: Renounce Religion, Berserk, Trog's Hand, Brothers in Arms


You were on level 3 of the Lair of Beasts.
You worshipped Trog.
Trog was greatly pleased with you.
You visited 3 branches of the dungeon, and saw 17 of its levels.

You collected 1956 gold pieces.
You spent 1571 gold pieces at shops.

Inventory:

Hand Weapons
 a - a +1 battleaxe of freezing (weapon)
   (You took it off a kobold brigand on level 10 of the Dungeon)
 b - a +0 arbalest
   (You took it off an orc warrior on level 10 of the Dungeon)
 y - a +0 morningstar
   (You took it off an orc on level 4 of the Dungeon)
 G - the +7 trident of Raonluve {protect, rElec rPois Str-2}
   (You found it on level 4 of the Dungeon)

   It grants its wielder temporary protection when it strikes (+7 to AC).
   Str:       It affects your strength (-2).
   rElec:     It insulates you from electricity.
   rPois:     It protects you from poison.
 L - a +4 scimitar of flaming
   (You took it off an efreet on level 11 of the Dungeon)
Missiles
 e - 4 datura-tipped darts
 j - 27 poisoned darts (quivered)
 m - 8 javelins
 u - 14 boomerangs
 M - 4 throwing nets {!f}
 Q - 10 stones
 T - a boomerang of dispersal {!f}
Armour
 d - a +0 pair of boots (worn)
   (You found it on level 7 of the Dungeon)
 p - a +3 plate armour of cold resistance
   (You took it off Donald on level 2 of the Orcish Mines)
 r - a +0 pair of gloves (worn)
   (You found it on level 3 of the Dungeon)
 w - the +5 scale mail of Knowledge (worn) {rElec Will+ Dex-5}
   (You found it on level 8 of the Dungeon)

   Dex:       It affects your dexterity (-5).
   rElec:     It insulates you from electricity.
   Will:      It increases your willpower.
 B - a scarf of repulsion (worn)
   (You found it on level 6 of the Dungeon)
Jewellery
 g - an amulet of reflection (around neck)
   (You found it on level 1 of the Dungeon)
 o - a ring of willpower
   (You found it on level 2 of the Dungeon)
 F - a ring of protection from fire
   (You took it off an orc wizard on level 10 of the Dungeon)
 I - a ring of protection from cold
   (You found it on level 8 of the Dungeon)
 K - a +4 ring of evasion
   (You found it on level 9 of the Dungeon)
 O - a +4 ring of slaying (left hand)
   (You bought it in a shop on level 2 of the Orcish Mines)
 P - a ring of poison resistance
   (You bought it in a shop on level 2 of the Orcish Mines)
 S - a ring of see invisible (right hand)
   (You found it on level 10 of the Dungeon)
Wands
 f - a wand of flame (32)
   (You found it on level 3 of the Dungeon)
 D - a wand of digging (6)
   (You found it on level 11 of the Dungeon)
Scrolls
 c - 3 scrolls of poison {!r}
 s - 2 scrolls of vulnerability {!r}
 t - 2 scrolls of teleportation {@r4}
 x - a scroll of magic mapping
 C - a scroll of torment {!r}
 E - 2 scrolls of noise {!r}
 H - a scroll of enchant armour
 R - a scroll of summoning
Potions
 h - 2 potions of lignification {unknown}
 i - a potion of cancellation {unknown}
 k - 4 potions of curing {@q1}
 l - 4 potions of heal wounds {@q2}
 n - a potion of mutation {unknown}
 q - 2 potions of ambrosia
 v - 4 potions of might {unknown}
 z - 3 potions of invisibility {unknown}
 A - 3 potions of flight
 N - 2 potions of magic {unknown}
 U - a potion of attraction {unknown}
 V - a potion of haste {@q3}


   Skills:
 + Level 13.2 Fighting
 * Level 18.0(18.2) Axes
 - Level 4.3(12.5) Polearms
 * Level 16.1 Ranged Weapons
 + Level 3.6 Armour
 - Level 2.1 Dodging
 + Level 1.8 Evocations


You had 12 spell levels left.
You didn't know any spells.
Your spell library was empty.

Dungeon Overview and Level Annotations

Branches:
Dungeon (11/15)            Temple (0/1) D:6            Lair (4/5) D:11
  Slime (0/5) Lair:4          Orc (2/2) D:11            Elf (0/3) Orc:2
  Swamp: Lair:2-3    Shoals: Lair:2-3     Snake: Lair:2-3    Spider: Lair:2-3

Altars:
Ashenzari
Cheibriados
Gozag
Kikubaaqudgha
Makhleb
Qazlal
Wu Jian
Xom
Yredelemnul

Shops:
Orc:2 (==*

Portals:
Trove: D:10 (give +2 gold dragon scales)

Annotations:
D:4 2 transporters, AigisTheKnight's ghost, amateur MfIE


Innate Abilities, Weirdness & Mutations

You have a pair of horns on your head.
You reflexively headbutt those who attack you in melee.


Message History

The death yak gores you but does no damage.
You hit the death yak but do no damage.
You headbutt the death yak, but do no damage.
The death yak gores you!
You hit the death yak. You freeze the death yak.
You kill the death yak!
Trog accepts your kill.
You barely miss the death yak.
You headbutt the death yak, but do no damage.
You hit the death yak but do no damage. You block the death yak's attack.
You hit the death yak but do no damage.
The death yak gores you but does no damage.
You hit the death yak but do no damage. The death yak gores you!
You barely miss the death yak. Your headbutt misses the death yak.
You feel the effects of Trog's Hand fading.
The death yak gores you.
* * * LOW HITPOINT WARNING * * *
You slice the death yak!! You freeze the death yak. You slice the death yak!!
You freeze the death yak! Your headbutt misses the death yak.
The death yak gores you!!
* * * LOW HITPOINT WARNING * * *
You slice the death yak!! You freeze the death yak.
You kill the death yak!
Trog accepts your kill.
Unknown command.
You slice the yak!! You freeze the yak!
You kill the yak!
Trog accepts your kill.
Unknown command.
A red film seems to cover your vision as you go berserk!
You feel yourself moving faster!
You feel mighty! The death yak gores you!!
* * * LOW HITPOINT WARNING * * *
You slice the death yak!! You freeze the death yak! You slash the death yak!
You freeze the death yak. The death yak gores you!
* * * LOW HITPOINT WARNING * * *
You slash the death yak! You freeze the death yak. You headbutt the death yak.
You kill the death yak!
Trog accepts your kill.
Your skin stops crawling.
You feel less strong-willed.
Your Axes skill increases to level 18!
You block the yak's attack. The death yak gores you!!
* * * LOW HITPOINT WARNING * * *
You block the death yak's attack.
Things that are here:
a death yak corpse; a death yak corpse You hit the death yak.
You freeze the death yak. You slash the yak! You freeze the yak!
You slice the death yak!! You freeze the death yak!
The death yak gores you but does no damage.
The yak barely misses you. The death yak gores you!!
You die...

.Y.# ##..........#
♣....##..........##
P.♣.#...........##
.♣.....P.........#
.................#
................##
.................#####
...#.Y..............#
##@Y.............#
#.#Y.............#
###...........#..#
##...........#####
#.............#
#............##
#P...........#
##...........##
#.............#


You could see 2 death yaks and a yak.

Vanquished Creatures
  Donald (Orc:2)
  Nessos (Orc:2)
  Harold (D:10)
  An ogre mage (D:10)
  4 boulder beetles
  3 two-headed ogres
  3 death yaks (Lair:3)
  An orc high priest (Orc:2)
  A lindwurm (shapeshifter) (D:10)
  5 orc sorcerers (Orc:2)
  4 cyclopes
  7 elephants
  A black mamba (Lair:1)
  A gargoyle (D:11)
  A rime drake (Lair:1)
  2 unseen horrors (D:11)
  4 cane toads
  Psyche (D:8)
  A kobold demonologist (D:11)
  2 efreet (D:11)
  3 komodo dragons
  5 trolls
  A tengu conjurer (D:10)
  A polar bear (Lair:3)
  12 blink frogs
  Prince Ribbit (D:8)
  A spriggan (shapeshifter) (D:10)
  27 yaks
  4 vampires
  Sigmund (D:4)
  2 wraiths
  10 wyverns
  A basilisk (Lair:1)
  2 steam dragons
  6 vampire mosquitoes
  3 wargs
  3 acid dragons
  13 water moccasins
  2 sky beasts
  20 orc warriors
  5 black bears
  6 wolves (Lair:1)
  8 centaurs
  3 ogres
  A centaur (shapeshifter) (D:10)
  A phantom (D:4)
  3 kobold brigands
  13 bullfrogs
  6 scorpions
  A wight (D:10)
  4 howler monkeys
  5 electric eels (D:10)
  17 orc priests
  3 hounds (D:5)
  A jelly (D:5)
  Natasha (thrice) (D:2)
  5 iguanas
  23 orc wizards
  5 adders
  4 gnolls (D:8)
  A shadow imp (D:7)
  2 worms
  4 dart slugs
  56 orcs
  7 endoplasms
  2 giant cockroaches
  5 goblins
  7 hobgoblins
  6 jackals
  12 kobolds
  2 quokkas
  3 ball pythons
  3 bats
  3 frilled lizards
  11 rats
404 creatures vanquished.

Vanquished Creatures (collateral kills)
  A gnoll sergeant (D:8)
  3 gnolls (D:8)
  2 orcs (D:7)
  3 kobolds (D:7)
9 creatures vanquished.

Vanquished Creatures (others)
  A centaur warrior (D:10)
  A gnoll (D:8)
  An orc (D:9)
  19 fungi
  33 plants
55 creatures vanquished.

Grand Total: 468 creatures vanquished

Notes
Turn   | Place    | Note
-------+----------+-------------------------------------------
     0 | D:1      | Pooter the Minotaur Berserker began the quest for the Orb.
     0 | D:1      | Reached XP level 1. HP: 19/19 MP: 0/0
    95 | D:1      | Reached skill level 4 in Axes
   148 | D:1      | Reached XP level 2. HP: 18/27 MP: 1/1
   787 | D:2      | Reached XP level 3. HP: 29/32 MP: 2/2
   808 | D:2      | Reached ** piety under Trog
   818 | D:2      | Reached skill level 1 in Ranged Weapons
   993 | D:2      | Noticed Natasha
  1002 | D:2      | Killed Natasha
  1003 | D:2      | Reached XP level 4. HP: 21/40 MP: 3/3
  1019 | D:2      | Noticed Natasha
  1031 | D:2      | Killed Natasha
  1032 | D:2      | Reached skill level 5 in Axes
  1279 | D:2      | Noticed Natasha
  1286 | D:2      | Killed Natasha
  1361 | D:2      | Reached XP level 5. HP: 47/47 MP: 4/4
  2082 | D:3      | Found an ancient bone altar of Kikubaaqudgha.
  2274 | D:4      | Found a broken altar of Ashenzari.
  2322 | D:4      | Reached skill level 6 in Axes
  2395 | D:4      | Reached *** piety under Trog
  2396 | D:4      | Reached XP level 6. HP: 51/55 MP: 5/5
  2441 | D:4      | Noticed AigisTheKnight's ghost (amateur MfIE)
  2453 | D:4      | Found a transporter.
  2453 | D:4      | Found a transporter.
  2521 | D:4      | Reached skill level 5 in Fighting
  2617 | D:4      | You fall into a shaft and drop 1 floor!
  2617 | D:5      | Entered Level 5 of the Dungeon
  2714 | D:5      | Reached XP level 7. HP: 61/61 MP: 6/6
  2720 | D:5      | Reached skill level 7 in Axes
  2785 | D:4      | Identified the +7 trident of Raonluve {protect, rElec rPois
                  | Str-2}
  2919 | D:4      | Noticed Sigmund
  2930 | D:4      | Killed Sigmund
  2931 | D:4      | Reached skill level 1 in Polearms
  2931 | D:4      | Reached skill level 5 in Ranged Weapons
  3190 | D:5      | Reached skill level 8 in Axes
  3190 | D:5      | Reached XP level 8. HP: 70/70 MP: 7/7
  4004 | D:6      | Reached skill level 9 in Axes
  4036 | D:6      | Found a staircase to the Ecumenical Temple.
  4175 | D:6      | Reached XP level 9. HP: 77/79 MP: 8/8
  4813 | D:7      | Noticed a troll
  4819 | D:7      | Killed a troll
  4820 | D:7      | Reached skill level 10 in Axes
  5590 | D:8      | Reached skill level 11 in Axes
  5601 | D:8      | Reached XP level 10. HP: 35/90 MP: 9/9
  5867 | D:8      | Noticed Psyche
  5871 | D:8      | Killed Psyche
  5991 | D:8      | Identified the +5 scale mail of Knowledge {rElec Will+
                  | Dex-5}
  6021 | D:8      | Found a faded altar of an unknown god.
  6021 | D:8      | Found a shimmering altar of Xom.
  6028 | D:8      | Found a snail-covered altar of Cheibriados.
  6030 | D:8      | Found an ornate altar of the Wu Jian Council.
  6032 | D:8      | Found a burning altar of Makhleb.
  6139 | D:8      | Noticed Prince Ribbit
  6160 | D:8      | Killed Prince Ribbit
  6763 | D:9      | Reached skill level 10 in Ranged Weapons
  6905 | D:9      | Reached **** piety under Trog
  6985 | D:9      | Reached skill level 12 in Axes
  7421 | D:9      | Found a transporter.
  7941 | D:10     | Entered Level 10 of the Dungeon
  8146 | D:10     | Noticed Harold
  8156 | D:10     | Killed Harold
  8317 | D:10     | Found a portal to a secret trove of treasure.
  8381 | D:10     | Noticed a cyclops
  8389 | D:10     | Killed a cyclops
  8390 | D:10     | Reached skill level 13 in Axes
  8390 | D:10     | Reached XP level 11. HP: 99/99 MP: 10/10
  8723 | D:10     | Noticed a swamp dragon
  8724 | D:10     | Noticed a boulder beetle
  8761 | D:10     | Noticed a lindwurm
  8769 | D:10     | Killed a lindwurm
  8770 | D:10     | Reached skill level 10 in Fighting
  8779 | D:10     | Killed a boulder beetle
  8797 | D:10     | Noticed an ogre mage
  9058 | D:10     | Noticed a two-headed ogre
  9074 | D:10     | Killed a two-headed ogre
  9183 | D:10     | Noticed a centaur warrior
  9194 | D:10     | Killed a centaur warrior
  9195 | D:10     | Reached skill level 14 in Axes
  9489 | D:10     | Killed an ogre mage
 10278 | D:10     | Found a basalt altar of Yredelemnul.
 10278 | D:10     | Found a stormy altar of Qazlal.
 10479 | D:11     | Found a staircase to the Orcish Mines.
 10494 | Orc:1    | Entered Level 1 of the Orcish Mines
 11015 | Orc:2    | Entered Level 2 of the Orcish Mines
 11024 | Orc:1    | Reached XP level 12. HP: 87/110 MP: 11/11
 11277 | Orc:2    | Reached skill level 15 in Axes
 11295 | Orc:2    | Noticed Nessos
 11304 | Orc:2    | Killed Nessos
 11771 | Orc:2    | Noticed an orc high priest
 11963 | Orc:2    | Killed an orc high priest
 12920 | Orc:2    | Found a staircase to the Elven Halls.
 12948 | Orc:2    | Noticed Donald
 12973 | Orc:2    | Killed Donald
 13365 | Orc:2    | Found Uvie's Weapon Shop.
 13366 | Orc:2    | Found Hiughipu's Jewellery Boutique.
 13367 | Orc:2    | Found Ebuo's Assorted Antiques.
 13371 | Orc:2    | Found Moweh's Jewellery Shop.
 13376 | Orc:2    | Bought a scroll of identify for 64 gold pieces
 13376 | Orc:2    | Bought 2 fizzy white potions for 57 gold pieces
 13462 | Orc:2    | Bought a +4 ring of slaying for 1170 gold pieces
 13466 | Orc:2    | Bought a ring of poison resistance for 280 gold pieces
 13528 | D:11     | Reached skill level 16 in Axes
 13661 | D:11     | Noticed a two-headed ogre
 13674 | D:11     | Killed a two-headed ogre
 13754 | D:11     | Noticed a two-headed ogre
 13761 | D:11     | Killed a two-headed ogre
 13762 | D:11     | Noticed a boulder beetle
 13772 | D:11     | Killed a boulder beetle
 14246 | D:11     | Noticed a boulder beetle
 14258 | D:11     | Killed a boulder beetle
 14259 | D:11     | Reached XP level 13. HP: 98/119 MP: 12/12
 14651 | D:11     | Found a staircase to the Lair.
 14737 | D:11     | Reached skill level 15 in Ranged Weapons
 15059 | Lair:1   | Entered Level 1 of the Lair of Beasts
 15060 | Lair:1   | Upgraded the game from 0.30-a0-368-g86fb4627a9 to
                  | 0.30-a0-371-gad7725a93e
 15261 | Lair:1   | Reached skill level 17 in Axes
 15654 | Lair:1   | Found an opulent altar of Gozag.
 16217 | Lair:2   | You fall into a shaft and drop 2 floors!
 17418 | Lair:3   | Reached skill level 1 in Evocations
 17524 | Lair:3   | Reached skill level 18 in Axes
 17524 | Lair:3   | HP: 8/183 [death yak (22)]
 17525 | Lair:3   | Mangled by a death yak

Illustrated notes

Levels and vault maps discovered:
D:1:      eino_arrival_cavern_b, layout_loops_ring
D:2:      layout_basic, minmay_increasing_density, uniq_natasha
D:3:      layout_rooms, kiku_gazebo_pond_becter
D:4:      layout_cave_pools, nicolae_overflow_hidden_temple,
          gammafunk_ghost_gnarly_gnolls, uniq_sigmund
D:5:      layout_rooms, kennysheep_pointless_box, minmay_between
D:6:      layout_gridville, minmay_temple_entry_statues_fountains
D:7:      black_bear_nest_2, layout_gridville
D:8:      layout_loops_cross, chequers_temple_overflow_minitemple,
          uniq_prince_ribbit1, uniq_psyche
D:9:      layout_layer_cave, special_room [special_room_orc],
          nicolae_diode_basic
D:10:     hangedman_cross_cluster, layout_basic,
          gammafunk_temple_overflow_statue, nicolae_trove_entry_crystal,
          uniq_harold
D:11:     minmay_distorted_concentric_squares, layout_stronghold,
          grunt_lair_entry_orc_guard_hut, orc_0_dummy
Lair:1:   layout_regular_city, basic_altar, small_statue_intersection
Lair:2:   layout_regular_city, nicolae_quartered_pool_little,
          beast_lair_carwin_3
Lair:3:   layout_hall_layers, minmay_shoals_entry_hut,
          hellmonk_spider_entry_life_and_decay, basic_altar,
          grunt_forest_stairs_basic, grunt_megastairs_1, serial_bayou_shore_a
Lair:4:   layout_cave_pods, slime_entry_2, nicolae_volcano_entry_hallway,
          beast_lair_carwin_11, grunt_megastairs_5, infiniplex_staircase_pool_2
Orc:1:    layout_caves, minmay_orc_temple_a
Orc:2:    st_orc_mages, layout_caves, uniq_nessos, uniq_donald

Skill      XL: |  1  2  3  4  5  6  7  8  9 10 11 12 13 |
---------------+----------------------------------------+-----
Axes           | 4 5 6 8 9 11 13 14 16 18 | 18.0
Fighting       | 4 5 6 7 8 9 11 12 13 | 13.2
Ranged Weapons | 1 2 3 4 6 7 9 11 13 14 16 | 16.1
Polearms       | 2 3 4 |  4.3
Armour         | 3 |  3.6
Evocations     | 1 |  1.8
Dodging        | |  2.1

Action                   |  1- 3 |  4- 6 |  7- 9 | 10-12 | 13-15 || total
-------------------------+-------+-------+-------+-------+-------++-------
Melee: Hand axe          |    72 |    37 |       |       |       ||   109
       Headbutt          |    11 |     7 |    19 |    62 |    36 ||   135
       Trident           |       |    45 |       |   134 |       ||   179
       Morningstar       |       |     8 |    21 |       |       ||    29
       Punch             |       |     1 |       |     4 |       ||     5
       Halberd           |       |       |    92 |       |       ||    92
       Broad axe         |       |       |    58 |    79 |       ||   137
       Battleaxe         |       |       |       |   260 |   172 ||   432
 Fire: Sling             |    21 |    46 |     4 |       |       ||    71
       Shortbow          |       |       |     1 |    26 |       ||    27
       Arbalest          |       |       |       |   147 |    96 ||   243
Throw: Javelin           |       |     3 |       |     5 |     1 ||     9
       Dart              |       |     3 |     9 |    11 |     7 ||    30
       Throwing net      |       |       |       |     1 |       ||     1
Invok: Berserk           |     1 |     2 |     4 |    17 |     4 ||    28
       Trog's Hand       |       |     2 |     4 |    23 |     9 ||    38
Evoke: Wand              |       |     1 |     3 |    10 |       ||    14
  Use: Scroll            |       |     6 |     4 |    11 |     5 ||    26
       Potion            |       |       |     1 |     1 |       ||     2
 Stab: Sleeping          |     1 |       |       |       |       ||     1
       Invisible         |       |       |     2 |     3 |       ||     5
Armor: Animal skin       |    14 |     5 |       |       |       ||    19
       Robe              |       |    12 |     9 |       |       ||    21
       Scale mail        |       |       |    20 |   150 |    74 ||   244
       Chain mail        |       |       |    56 |    14 |       ||    70
Dodge: Dodged            |    27 |    50 |    64 |   263 |    64 ||   468
       Repelled          |       |       |       |     4 |     2 ||     6
Block: Other             |     9 |    18 |    41 |   113 |    49 ||   230
       Reflection        |     1 |       |     2 |    13 |     1 ||    17

Table legend: (Time is in decaauts)
 A = Elapsed time spent in this place.
 B = Non-inter-level travel time spent in this place.
 C = Inter-level travel time spent in this place.
 D = Time resting spent in this place.
 E = Time spent auto-exploring this place.
 F = Levels seen in this place.
 G = Mean time per level.
                   A        B        C        D        E       F      G
               +--------+--------+--------+--------+--------+-----+--------+
         Total |  17739 |  17360 |    379 |   4611 |   9389 |  17 | 1043.5 |
       Dungeon |  12272 |  11985 |    287 |   2616 |   7128 |  11 | 1115.6 |
          Lair |   2476 |   2439 |     37 |    454 |   1491 |   4 |  619.0 |
  Orcish Mines |   2990 |   2936 |     54 |   1540 |    770 |   2 | 1495.0 |
               +--------+--------+--------+--------+--------+-----+--------+

Top non-repeatable levels by time:
    D:10: 2171 daAuts
   Orc:2: 1870 daAuts
    D:11: 1699 daAuts
     D:9: 1647 daAuts
     D:8: 1170 daAuts
  Lair:1: 1145 daAuts
   Orc:1: 1119 daAuts
     D:6: 1079 daAuts
  Lair:2: 941 daAuts
     D:2: 930 daAuts
     D:7: 885 daAuts
     D:4: 865 daAuts
     D:1: 792 daAuts
     D:5: 577 daAuts
     D:3: 453 daAuts
